 Dungeon Crawl Stone Soup version 0.29.0-4-gdea44cf6ec (webtiles) character file.

Game seed: 6712968810534001746

65870 qw the Severer (level 15, -10/98 HPs)
             Began as a Gargoyle Fighter on Sept 4, 2022.
             Was an Elder of Okawaru.
             Mangled by Saint Roka
             ... wielding a +2 bardiche
              (36 damage)
             ... on level 2 of the Orcish Mines.
             The game lasted 00:09:54 (27036 turns).

qw the Severer (Gargoyle Fighter)                  Turns: 27036, Time: 00:09:54

Health: -10/98     AC: 45    Str: 25    XL:     15   Next: 17%
Magic:  18/22      EV: 14    Int: 11    God:    Okawaru [****..]
Gold:   1142       SH:  7    Dex:  9    Spells: 14/14 levels left

rFire   + . .      SeeInvis +   t - +3 war axe (venom)
rCold   . . .      Faith    .   c - +0 buckler
rNeg    + . .      Spirit   .   n - +1 plate armour {rF+}
rPois   inf        Reflect  .   m - +2 helmet
rElec   +          Harm     .   v - +2 cloak
rCorr   .          Rampage  .   a - +2 pair of gloves
Will    +....                   q - +2 pair of boots
Stlth   ..........              (no amulet)
HPRegen 0.26/turn               b - +4 ring of evasion
MPRegen 0.18/turn               f - ring of see invisible

@: heroic, finesse-ful, flying
A: sickness immunity, AC +11, big wings, negative energy resistance 1,
electricity resistance, torment resistance 1, petrification resistance
a: Renounce Religion, Heroism, Finesse


You were on level 2 of the Orcish Mines.
You worshipped Okawaru.
Okawaru was greatly pleased with you.
You visited 4 branches of the dungeon, and saw 23 of its levels.

You collected 1795 gold pieces.
You spent 653 gold pieces at shops.


Innate Abilities, Weirdness & Mutations

You are immune to sickness and miasma.
Your stone body is resilient. (AC +11)
You are immune to poison.
Your large and strong wings let you fly.
You resist negative energy. (rN+)
You are resistant to electric shocks. (rElec)
You are resistant to unholy torment.
You are immune to petrification.


   Skills:
 - Level 13.0(18.0) Fighting
 - Level 16.0(21.0) Axes
 - Level 3.0(8.0) Throwing
 + Level 12.7(17.7) Armour
 - Level 3.0(8.0) Dodging
 - Level 8.0(13.0) Shields
 - Level 10.0 Invocations


You had 14 spell levels left.
You didn't know any spells.
Your spell library was empty.

Inventory:

Hand Weapons
 o - a +0 eveningstar
 t - a +3 war axe of venom (weapon)
Missiles
 p - 5 boomerangs (quivered)
Armour
 a - a +2 pair of gloves (worn)
 c - a +0 buckler (worn)
 m - a +2 helmet (worn)
 n - a +1 plate armour of fire resistance (worn)
 q - a +2 pair of boots (worn)
 v - a +2 cloak (worn)
Jewellery
 b - a +4 ring of evasion (left hand)
 f - a ring of see invisible (right hand)
 u - a ring of ice
 Y - a ring of protection from fire
Scrolls
 e - 8 scrolls of teleportation
 s - 7 scrolls of identify
Potions
 d - 7 potions of might
 g - 2 potions of resistance
 h - 3 potions of haste
 i - 2 potions of mutation
 j - 3 potions of heal wounds
 k - 5 potions of cancellation
 l - 4 potions of curing
 r - 2 potions of magic

Dungeon Overview and Level Annotations

Branches:
Dungeon (15/15)            Temple (1/1) D:6            Lair (5/5) D:10
  Swamp (0/4) Lair:2       Spider (0/4) Lair:3        Slime (0/5) Lair:5
    Orc (2/2) D:11            Elf (0/3) Orc:2        Vaults (0/5) D:13
 Depths (0/4) D:15

Altars:
Ashenzari
Cheibriados
Dithmenos
Elyvilon
Fedhas
Gozag
Hepliaklqana
Kikubaaqudgha
Makhleb
Nemelex Xobeh
Okawaru
Qazlal
Ru
Sif Muna
Trog
Uskayaw
Vehumet
Wu Jian
Xom
Yredelemnul
Zin
The Shining One
Lugonu

Shops:
D:1 ((=*   D:5 *   D:8 :   D:12 *

Portals:
Abyss: D:10 Lair:5
Trove: D:10 (give +2 shadow dragon scales)

Annotations:
D:3 2 transporters, qw's ghost, amateur GrFi
D:5 2 runed translucent doors, qw's ghost, novice TeWr
D:10 2 transporters, qw's ghost, journeyman FoCA
D:12 3 runed translucent doors, Shukka's ghost, journeyman MiBe
D:13 1 runed translucent door, qw's ghost, journeyman TrCA
Lair:2 2 transporters, qw's ghost, journeyman TrCA
Orc:2 Saint Roka


Message History

The orc sorcerer is poisoned.
You slash the orc!
You kill the orc!
You barely miss the orc. The orc sorcerer casts a spell at you.
The bolt of fire misses you. You block the orc's attack.
Saint Roka mumbles some strange prayers to Beogh against you.
Beogh smites you!
An orc warrior comes into view. It is wielding a +0 trident.
You hit the orc sorcerer but do no damage.
The orc sorcerer looks even sicker.
You slash the orc!
You kill the orc!
You slash the orc sorcerer!
The orc sorcerer looks as sick as possible!
The orc sorcerer is moderately wounded.
You slash the orc sorcerer!
The orc sorcerer looks as sick as possible!
The orc sorcerer is heavily wounded.
You hit the rust devil but do no damage.
The orc sorcerer points at you and mumbles some strange words.
The bolt of negative energy misses you. The orc warrior closely misses you.
You slash the orc sorcerer!
You kill the orc sorcerer!
Okawaru accepts your kill.
The rust devil disappears in a puff of smoke!
Saint Roka calls down the wrath of Beogh upon you.
Beogh smites you! The orc warrior barely misses you.
Things that are here:
a +0 dagger; a +0 robe You slice Saint Roka!!
Saint Roka looks as sick as possible!
Saint Roka is lightly wounded.
You hit the orc warrior.
The orc warrior is poisoned.
You hear a shout! x2
You slash the orc warrior!
The orc warrior is severely wounded.
You hit Saint Roka but do no damage.
Saint Roka looks as sick as possible!
An orc wizard comes into view. It is wielding a +0 dagger.
The orc priest miscasts a cantrip.
The orc wizard casts a spell at you.
The magic dart hits you but does no damage.
Saint Roka hits you with a +2 bardiche!!!
You die...

### #.....##. ##.##
#.....#.. ##.>.#
......... ##...##
........###### #.....###
....o.....8..####.#...#.
o..o.......)).#.#.......
..._..o....))...........
......o@...)......#.....
.......)).8...).........
....o...#####)..........
......... #.)).........
#.....#.. #..).........
#.....##.. ####......##.
#8...8 #. #....#.####
#..... #. ##.##### #
.... #


You could see Saint Roka (strong, extremely poisoned), 2 orc warriors, an orc
priest (strong) and 2 orc wizards.

Vanquished Creatures
  Gastronok (D:8)
  Azrael (D:12)
  A vault guard (D:13)
  3 centaur warriors
  2 boulder beetles
  6 hydras
  5 two-headed ogres
  A tengu warrior (D:14)
  3 thrashing horrors (Lair:5)
  An orc high priest (Orc:2)
  A storm dragon skeleton (D:15)
  2 skeletal warriors (D:15)
  A flayed ghost (D:15)
  A necromancer (D:15)
  A swamp dragon (shapeshifter) (Lair:5)
  2 orc knights (Orc:2)
  A tengu zombie (D:15)
  A lindwurm (Lair:5)
  An ugly thing (Lair:5)
  Pikel (D:7)
  2 deep elf pyromancers
  2 orc sorcerers (Orc:2)
  A stone giant zombie (D:15)
  4 manticores
  2 cyclopes (D:14)
  11 elephants
  4 gargoyles
  2 smoke demons (Lair:5)
  A torpor snail (Lair:4)
  3 black mambas
  7 cane toads
  A rime drake (Lair:3)
  2 tengu conjurers (D:14)
  5 komodo dragons
  2 efreet (D:15)
  2 ancient zymes (Lair:5)
  5 hornets
  2 trolls
  3 meliai (D:15)
  A raiju (shapeshifter) (D:15)
  5 polar bears
  13 blink frogs (Lair:5)
  16 slime creatures
  2 spriggans (Lair:5)
  A shadow (D:11)
  A yak (shapeshifter) (D:14)
  3 ynoxinuls (Lair:5)
  A wraith (D:11)
  4 wyverns
  6 basilisks
  54 yaks
  7 vampire mosquitoes (D:13)
  3 fire elementals (D:12)
  A chaos spawn (Lair:5)
  2 steam dragons
  3 large abominations (Lair:5)
  12 small abominations (Lair:5)
  4 acid dragons
  A water moccasin (shapeshifter) (D:13)
  Duvessa (D:7)
  A glowing shapeshifter skeleton (D:15)
  4 hell hounds (D:12)
  7 water moccasins
  An ice beast (D:6)
  2 black bears
  8 orc warriors
  15 centaurs
  4 ogres
  8 wolves
  A phantom (D:4)
  2 kobold brigands
  8 bullfrogs
  A gnoll sergeant (D:12)
  2 necrophages
  2 scorpions (D:7)
  Dowan (D:7)
  17 howler monkeys
  3 hounds
  6 orc priests
  A jelly (Lair:5)
  Terence (D:2)
  Jessica (D:3)
  2 iguanas
  13 orc wizards
  7 gnolls
  10 adders
  An ufetubus (D:5)
  3 worms
  4 dart slugs
  32 orcs
  3 ball pythons
  3 bats
  4 endoplasms
  A giant cockroach (D:2)
  5 goblins
  5 hobgoblins
  4 jackals (D:4)
  17 kobolds
  5 quokkas
  3 frilled lizards
  A rat (D:1)
457 creatures vanquished.

Vanquished Creatures (others)
  An orc (D:10)
  22 fungi
  26 plants
  5 withered plants (D:15)
54 creatures vanquished.

Grand Total: 511 creatures vanquished

Notes
Turn   | Place    | Note
-------+----------+-------------------------------------------
     0 | D:1      | qw the Gargoyle Fighter began the quest for the Orb.
     0 | D:1      | Reached XP level 1. HP: 14/14 MP: 1/1
     0 | D:1      | 0 ||| qw: Version: 0.1-a-102-g441f92d
     0 | D:1      | 0 ||| qw: Game counter: 5357
     0 | D:1      | 0 ||| qw: Always use a shield: true
     0 | D:1      | 0 ||| qw: God list: Okawaru
     0 | D:1      | 0 ||| qw: Allow faded altars: false
     0 | D:1      | 0 ||| qw: Do Orc after D:15 true
     0 | D:1      | 0 ||| qw: Do second Lair branch before Depths: true
     0 | D:1      | 0 ||| qw: Lair rune preference: random
     0 | D:1      | 0 ||| qw: Plans: Normal
     0 | D:1      | 0 ||| PLANNING D:1-11
    37 | D:1      | Found Neff's Jewellery Shoppe.
    47 | D:1      | 47 ||| SHOPLISTING +4 ring of protection (504 gold, have
                  | 3).
    47 | D:1      | 47 ||| SHOPLISTING amulet of the acrobat (420 gold, have
                  | 3).
    47 | D:1      | 47 ||| SHOPLISTING ring of protection from cold (350 gold,
                  | have 3).
    47 | D:1      | 47 ||| SHOPLISTING ring of protection from fire (350 gold,
                  | have 3).
    47 | D:1      | 47 ||| SHOPLISTING ring of willpower (350 gold, have 3).
    66 | D:1      | Reached skill level 2 in Axes
   354 | D:1      | Reached XP level 2. HP: 19/19 MP: 2/2
   422 | D:1      | Found Fethruit's Weapon Shoppe.
   434 | D:1      | 434 ||| SHOPLISTING +0 mace (33 gold, have 32).
   434 | D:1      | 434 ||| BUYING +0 whip (27 gold).
   434 | D:1      | Bought a +0 whip for 27 gold pieces
   434 | D:1      | 434 ||| SHOPLISTING +5 flail of protection (343 gold, have
                  | 5).
   434 | D:1      | 434 ||| DROPPING +0 club.
   483 | D:1      | Found Isejoem's Weapon Shop.
   799 | D:1      | Found Ciox's Assorted Antiques.
   808 | D:1      | 808 ||| SHOPLISTING +3 pair of gauntlets of War {Slay+5}
                  | (902 gold, have 97).
   808 | D:1      | 808 ||| BUYING scroll labelled BICAYL AJIUW (19 gold).
   808 | D:1      | Bought a scroll labelled BICAYL AJIUW for 19 gold pieces
   808 | D:1      | 808 ||| BUYING scroll labelled ECODIS ULERHOBINE (19 gold).
   808 | D:1      | Bought a scroll labelled ECODIS ULERHOBINE for 19 gold
                  | pieces
   808 | D:1      | 808 ||| BUYING scroll labelled IVVUTE QUICUI (19 gold).
   808 | D:1      | Bought a scroll labelled IVVUTE QUICUI for 19 gold pieces
   808 | D:1      | 808 ||| SHOPLISTING twisted ruby amulet (95 gold, have 40).
   808 | D:1      | 808 ||| BUYING viscous orange potion (17 gold).
   808 | D:1      | Bought a viscous orange potion for 17 gold pieces
   972 | D:1      | 972 ||| DROPPING ring of flight.
   973 | D:1      | 973 ||| READING scroll labelled BAAF UFYOHEDWO.
   974 | D:1      | 974 ||| READING scroll labelled BICAYL AJIUW.
  1075 | D:1      | 1075 ||| READING scroll labelled OSAIR QAFIASS.
  1076 | D:1      | 1076 ||| READING scroll labelled GODDU QAIFEG.
  1080 | D:1      | 1080 ||| READING scroll labelled ECODIS ULERHOBINE.
  1081 | D:1      | 1081 ||| READING scroll labelled IVVUTE QUICUI.
  1082 | D:1      | 1082 ||| DRINKING 3 orange potions.
  1345 | D:2      | Reached skill level 3 in Axes
  1378 | D:2      | Reached XP level 3. HP: 23/23 MP: 3/3
  1485 | D:2      | Found a faded altar of an unknown god.
  1821 | D:2      | Noticed Terence
  1832 | D:2      | Killed Terence
  1833 | D:2      | Reached XP level 4. HP: 24/28 MP: 4/4
  2037 | D:2      | 2037 ||| READING scroll labelled QEVAUL VOASSO.
  2038 | D:2      | 2038 ||| READING scroll labelled MOYTIU VUHO.
  2164 | D:3      | Reached skill level 4 in Axes
  2182 | D:3      | Found a transporter.
  2224 | D:3      | Noticed Jessica
  2246 | D:3      | Killed Jessica
  2528 | D:3      | Identified the +1 robe of Leapfrog {Will+ Stlth+}
  2532 | D:3      | Found an ancient bone altar of Kikubaaqudgha.
  2860 | D:3      | 2860 ||| Stepping ~*~*~tactically~*~*~ (hiding).
  2871 | D:3      | Reached XP level 5. HP: 32/32 MP: 5/5
  2885 | D:3      | Noticed qw's ghost (amateur GrFi)
  2888 | D:3      | Identified the +12 halberd of Qonan {pain, rC- Will++
                  | Str+3}
  2902 | D:3      | Found a transporter.
  3158 | D:3      | 3158 ||| UPGRADING to +0 chain mail.
  3168 | D:3      | 3168 ||| DROPPING +0 scale mail.
  3169 | D:3      | 3169 ||| READING scroll labelled FAYPEM EROINT.
  3227 | D:3      | 3227 ||| DRINKING 2 glowing purple potions.
  3228 | D:3      | 3228 ||| DROPPING potion of flight.
  3408 | D:4      | 3408 ||| Stepping ~*~*~tactically~*~*~ (stealth).
  3421 | D:4      | 3421 ||| Stepping ~*~*~tactically~*~*~ (stealth).
  3425 | D:4      | 3425 ||| Stepping ~*~*~tactically~*~*~ (stealth).
  3556 | D:4      | Reached skill level 5 in Axes
  3559 | D:4      | Reached XP level 6. HP: 29/38 MP: 6/6
  3723 | D:4      | 3723 ||| Stepping ~*~*~tactically~*~*~ (stealth).
  3824 | D:4      | Found a sacrificial altar of Ru.
  3943 | D:4      | Noticed a black bear
  3957 | D:4      | Killed a black bear
  3958 | D:4      | Reached skill level 6 in Axes
  3969 | D:4      | 3969 ||| Stepping ~*~*~tactically~*~*~ (stealth).
  3980 | D:4      | 3980 ||| Stepping ~*~*~tactically~*~*~ (stealth).
  4118 | D:4      | 4118 ||| DROPPING +2 hand axe of electrocution.
  4310 | D:4      | 4310 ||| UPGRADING to +0 plate armour.
  4320 | D:4      | 4320 ||| DROPPING +0 chain mail.
  4321 | D:4      | 4321 ||| UPGRADING to +0 pair of boots.
  4326 | D:4      | 4326 ||| READING scroll of enchant armour.
  4326 | D:4      | 4326 ||| ENCHANTING +0 pair of boots.
  4327 | D:4      | 4327 ||| READING scroll labelled IXKAAT SOROHIU.
  4328 | D:4      | 4328 ||| READING 2 scrolls labelled MUSEGE ZUNAN.
  4329 | D:4      | 4329 ||| READING scroll labelled ZAAZUF TIGE.
  4330 | D:4      | 4330 ||| DRINKING 2 pink potions.
  4331 | D:4      | 4331 ||| DRINKING 2 bubbling silvery potions.
  4332 | D:4      | 4332 ||| DROPPING scroll of amnesia.
  4356 | D:5      | Entered Level 5 of the Dungeon
  4378 | D:5      | Reached XP level 7. HP: 43/43 MP: 7/7
  4404 | D:5      | 4404 ||| Stepping ~*~*~tactically~*~*~ (stealth).
  4407 | D:5      | 4407 ||| Stepping ~*~*~tactically~*~*~ (stealth).
  4576 | D:5      | Found a glowing silver altar of Zin.
  4601 | D:5      | 4601 ||| Stepping ~*~*~tactically~*~*~ (stealth).
  4602 | D:5      | 4602 ||| Stepping ~*~*~tactically~*~*~ (stealth).
  4603 | D:5      | 4603 ||| Stepping ~*~*~tactically~*~*~ (stealth).
  4605 | D:5      | 4605 ||| Stepping ~*~*~tactically~*~*~ (stealth).
  4610 | D:5      | 4610 ||| DROPPING +0 whip.
  4611 | D:5      | 4611 ||| Stepping ~*~*~tactically~*~*~ (stealth).
  4615 | D:5      | 4615 ||| Stepping ~*~*~tactically~*~*~ (hiding).
  4635 | D:5      | 4635 ||| Stepping ~*~*~tactically~*~*~ (stealth).
  4637 | D:5      | 4637 ||| Stepping ~*~*~tactically~*~*~ (stealth).
  4638 | D:5      | 4638 ||| Stepping ~*~*~tactically~*~*~ (stealth).
  5011 | D:5      | 5011 ||| DRINKING potion of curing.
  5011 | D:5      | 5011 ||| (to cure confusion)
  5065 | D:5      | 5065 ||| READING scroll of enchant armour.
  5065 | D:5      | 5065 ||| ENCHANTING +1 pair of boots.
  5221 | D:5      | Reached skill level 7 in Axes
  5695 | D:5      | Found Finkoer's Fire Supplies.
  5705 | D:5      | 5705 ||| SHOPLISTING +0 plate armour of fire resistance
                  | (360 gold, have 319).
  5705 | D:5      | 5705 ||| BUYING ring of protection from fire (300 gold).
  5705 | D:5      | Bought a ring of protection from fire for 300 gold pieces
  5950 | D:5      | Found a large runed translucent door.
  5951 | D:5      | Found a large runed translucent door.
  5953 | D:5      | Noticed qw's ghost (novice TeWr)
  6104 | D:5      | 6104 ||| UPGRADING to +4 ring of evasion.
  6105 | D:5      | 6105 ||| UPGRADING to ring of protection from fire.
  6106 | D:5      | 6106 ||| READING scroll labelled TOTAYNONNA.
  6107 | D:5      | 6107 ||| READING scroll labelled WAAGELANGU.
  6108 | D:5      | 6108 ||| READING 2 scrolls of identify.
  6108 | D:5      | 6108 ||| IDENTIFYING fizzy green potion
  6109 | D:5      | 6109 ||| DROPPING potion of ambrosia.
  6179 | D:6      | Reached XP level 8. HP: 37/49 MP: 8/8
  6288 | D:6      | Reached skill level 1 in Dodging
  6306 | D:6      | Reached skill level 1 in Throwing
  6386 | D:6      | Found a white marble altar of Elyvilon.
  6418 | D:6      | HP: 10/49 [orc priest/+0 flail (5)]
  6419 | D:6      | 6419 ||| READING 4 scrolls of teleportation.
  6420 | D:6      | 6420 ||| DRINKING 3 potions of heal wounds.
  6885 | D:6      | 6885 ||| DROPPING +0 flail.
  6908 | D:6      | Found a shimmering blue altar of Sif Muna.
  6926 | D:6      | Reached skill level 8 in Axes
  7055 | D:6      | 7055 ||| DROPPING +2 flail of protection.
  7131 | D:6      | Found a staircase to the Ecumenical Temple.
  7132 | D:6      | 7132 ||| PLANNING TEMPLE
  7132 | D:6      | 7132 ||| UPGRADING to +0 pair of gloves.
  7137 | D:6      | 7137 ||| READING 2 scrolls labelled ASOILE UPUQ.
  7138 | D:6      | 7138 ||| READING scroll of brand weapon.
  7138 | D:6      | 7138 ||| BRANDING +1 war axe of chaos.
  7139 | D:6      | 7139 ||| DRINKING 3 viscous coppery potions.
  7140 | D:6      | 7140 ||| READING 2 scrolls of identify.
  7140 | D:6      | 7140 ||| IDENTIFYING coppery potion
  7146 | Temple   | Entered the Ecumenical Temple
  7180 | Temple   | 7180 ||| PLANNING D:1-11
  7262 | D:7      | 7262 ||| Stepping ~*~*~tactically~*~*~ (stealth).
  7268 | D:7      | 7268 ||| Stepping ~*~*~tactically~*~*~ (stealth).
  7271 | D:7      | 7271 ||| Stepping ~*~*~tactically~*~*~ (hiding).
  7273 | D:7      | 7273 ||| Stepping ~*~*~tactically~*~*~ (hiding).
  7418 | D:7      | Noticed a yak
  7418 | D:7      | Noticed a yak
  7420 | D:7      | Noticed a yak
  7422 | D:7      | Noticed a yak
  7423 | D:7      | Noticed a yak
  7433 | D:7      | Killed a yak
  7434 | D:7      | Reached skill level 6 in Fighting
  7434 | D:7      | Reached XP level 9. HP: 54/55 MP: 9/9
  7447 | D:7      | Reached skill level 9 in Axes
  7568 | D:7      | Found a stormy altar of Qazlal.
  7672 | D:7      | Reached skill level 6 in Armour
  7722 | D:7      | Noticed Dowan
  7724 | D:7      | Found a bloodstained altar of Trog.
  7724 | D:7      | Noticed Duvessa
  7726 | D:7      | 7726 ||| DRINKING potion of curing.
  7726 | D:7      | 7726 ||| (to cure confusion)
  7732 | D:7      | Killed Dowan
  7736 | D:7      | Killed Duvessa
  8098 | D:7      | Noticed Pikel
  8118 | D:7      | Killed Pikel
  8119 | D:7      | Reached skill level 10 in Axes
  8119 | D:7      | Reached XP level 10. HP: 56/63 MP: 10/10
  8291 | D:7      | 8291 ||| READING 2 scrolls of identify.
  8291 | D:7      | 8291 ||| IDENTIFYING blue potion
  8292 | D:7      | 8292 ||| DROPPING potion of attraction.
  8343 | D:8      | Found a hide-covered altar of Uskayaw.
  8588 | D:8      | Noticed Gastronok
  8589 | D:8      | 8589 ||| Stepping ~*~*~tactically~*~*~ (hiding).
  8603 | D:8      | Killed Gastronok
  8604 | D:8      | Reached skill level 9 in Fighting
  8692 | D:8      | 8692 ||| Stepping ~*~*~tactically~*~*~ (stealth).
  8732 | D:8      | Found an opulent altar of Gozag.
  8734 | D:8      | Found an opulent altar of Gozag.
  8744 | D:8      | Found an opulent altar of Gozag.
  8751 | D:8      | Found an opulent altar of Gozag.
  8805 | D:8      | Found Gauddioc's Book Shop.
  8998 | D:8      | 8998 ||| DRINKING 3 grey potions.
  8999 | D:8      | 8999 ||| READING 2 scrolls of identify.
  8999 | D:8      | 8999 ||| IDENTIFYING fuming golden potion
  9000 | D:8      | 9000 ||| DROPPING 2 potions of degeneration.
  9185 | D:9      | Found a shadowy altar of Dithmenos.
  9548 | D:9      | Reached skill level 11 in Axes
  9592 | D:9      | 9592 ||| Stepping ~*~*~tactically~*~*~ (stealth).
  9657 | D:9      | Found a broken altar of Ashenzari.
  9692 | D:9      | Reached XP level 11. HP: 71/71 MP: 11/11
  9724 | D:9      | 9724 ||| READING 2 scrolls of identify.
  9724 | D:9      | 9724 ||| IDENTIFYING viscous orange potion
  9725 | D:9      | 9725 ||| DROPPING potion of brilliance.
  9730 | D:10     | Entered Level 10 of the Dungeon
  9808 | D:10     | Found a transporter.
  9810 | D:10     | Found a one-way gate to the infinite horrors of the Abyss.
  9810 | D:10     | Noticed qw's ghost (journeyman FoCA)
  9834 | D:10     | Found an ornate altar of the Wu Jian Council.
  9848 | D:10     | 9848 ||| Stepping ~*~*~tactically~*~*~ (hiding).
  9973 | D:10     | Found an iron altar of Okawaru.
  9978 | D:10     | Found a sparkling altar of Nemelex Xobeh.
  9978 | D:10     | Found a snail-covered altar of Cheibriados.
 10066 | D:10     | Became a worshipper of Warmaster Okawaru
 10150 | D:10     | Noticed a wizard
 10155 | D:10     | Found a transporter.
 10274 | D:10     | 10274 ||| Stepping ~*~*~tactically~*~*~ (hiding).
 10275 | D:10     | 10275 ||| Stepping ~*~*~tactically~*~*~ (hiding).
 10470 | D:10     | Found a portal to a secret trove of treasure.
 10496 | D:10     | 10496 ||| FLEEEEING.
 10497 | D:10     | 10497 ||| FLEEEEING.
 10498 | D:10     | 10498 ||| FLEEEEING.
 10499 | D:10     | 10499 ||| FLEEEEING.
 10500 | D:10     | 10500 ||| FLEEEEING.
 10505 | D:10     | 10505 ||| FLEEEEING.
 10506 | D:10     | 10506 ||| FLEEEEING.
 10507 | D:10     | 10507 ||| FLEEEEING.
 10508 | D:10     | 10508 ||| FLEEEEING.
 10509 | D:10     | 10509 ||| FLEEEEING.
 10510 | D:10     | 10510 ||| FLEEEEING.
 10511 | D:10     | 10511 ||| FLEEEEING.
 10512 | D:10     | 10512 ||| FLEEEEING.
 10513 | D:10     | 10513 ||| FLEEEEING.
 10514 | D:10     | 10514 ||| FLEEEEING.
 10515 | D:10     | 10515 ||| FLEEEEING.
 10516 | D:10     | 10516 ||| FLEEEEING.
 10517 | D:10     | 10517 ||| FLEEEEING.
 10518 | D:10     | 10518 ||| FLEEEEING.
 10519 | D:10     | 10519 ||| FLEEEEING.
 10520 | D:10     | 10520 ||| FLEEEEING.
 10525 | D:10     | 10525 ||| FLEEEEING.
 10528 | D:10     | 10528 ||| FLEEEEING.
 10533 | D:10     | 10533 ||| FLEEEEING.
 10534 | D:10     | 10534 ||| FLEEEEING.
 10535 | D:10     | 10535 ||| Stepping ~*~*~tactically~*~*~ (hiding).
 10644 | D:10     | Noticed a large abomination
 10719 | D:10     | 10719 ||| Stepping ~*~*~tactically~*~*~ (stealth).
 10730 | D:10     | Reached skill level 3 in Throwing
 10775 | D:10     | 10775 ||| Stepping ~*~*~tactically~*~*~ (hiding).
 10776 | D:10     | 10776 ||| Stepping ~*~*~tactically~*~*~ (hiding).
 10782 | D:10     | 10782 ||| Stepping ~*~*~tactically~*~*~ (stealth).
 10891 | D:10     | 10891 ||| Stepping ~*~*~tactically~*~*~ (stealth).
 10928 | D:10     | 10928 ||| FLEEEEING.
 10929 | D:10     | 10929 ||| FLEEEEING.
 10952 | D:10     | Reached * piety under Okawaru
 10953 | D:10     | 10953 ||| INVOKING Heroism.
 11005 | D:10     | 11005 ||| INVOKING Heroism.
 11015 | D:10     | Reached skill level 12 in Axes
 11015 | D:10     | Reached skill level 1 in Invocations
 11030 | D:10     | Found a staircase to the Lair.
 11115 | D:10     | 11115 ||| PLANNING LAIR
 11115 | D:10     | 11115 ||| DROPPING ring of magical power.
 11116 | D:10     | 11116 ||| READING scroll labelled FEETERPHO SYOJ.
 11150 | Lair:1   | Entered Level 1 of the Lair of Beasts
 11183 | Lair:1   | 11183 ||| INVOKING Heroism.
 11286 | Lair:1   | 11286 ||| INVOKING Heroism.
 11358 | Lair:1   | 11358 ||| Stepping ~*~*~tactically~*~*~ (stealth).
 11360 | Lair:1   | 11360 ||| INVOKING Heroism.
 11378 | Lair:1   | Reached skill level 3 in Invocations
 11389 | Lair:1   | Reached skill level 6 in Shields
 11402 | Lair:1   | 11402 ||| INVOKING Heroism.
 11570 | Lair:1   | 11570 ||| READING scroll of enchant armour.
 11570 | Lair:1   | 11570 ||| ENCHANTING +0 pair of gloves.
 11887 | Lair:1   | 11887 ||| INVOKING Heroism.
 12061 | Lair:1   | 12061 ||| Stepping ~*~*~tactically~*~*~ (stealth).
 12202 | Lair:1   | 12202 ||| UPGRADING to +2 helmet.
 12207 | Lair:1   | 12207 ||| READING 2 scrolls of identify.
 12207 | Lair:1   | 12207 ||| IDENTIFYING lumpy white potion
 12257 | Lair:2   | Found a staircase to the Swamp.
 12509 | Lair:2   | 12509 ||| Stepping ~*~*~tactically~*~*~ (stealth).
 12512 | Lair:2   | 12512 ||| INVOKING Heroism.
 12517 | Lair:2   | Reached skill level 9 in Armour
 12541 | Lair:2   | Reached ** piety under Okawaru
 12544 | Lair:2   | 12544 ||| Stepping ~*~*~tactically~*~*~ (stealth).
 12545 | Lair:2   | 12545 ||| Stepping ~*~*~tactically~*~*~ (stealth).
 12552 | Lair:2   | 12552 ||| Stepping ~*~*~tactically~*~*~ (stealth).
 12554 | Lair:2   | Noticed a moth of wrath
 12569 | Lair:2   | Found a transporter.
 12574 | Lair:2   | 12574 ||| READING scroll of enchant armour.
 12574 | Lair:2   | 12574 ||| ENCHANTING +1 pair of gloves.
 12687 | Lair:2   | Noticed qw's ghost (journeyman TrCA)
 12693 | Lair:2   | Found a transporter.
 13159 | Lair:2   | 13159 ||| READING 3 scrolls of identify.
 13159 | Lair:2   | 13159 ||| IDENTIFYING murky grey potion
 13160 | Lair:2   | 13160 ||| READING 2 scrolls of identify.
 13160 | Lair:2   | 13160 ||| IDENTIFYING cyan potion
 13161 | Lair:2   | 13161 ||| DROPPING potion of berserk rage.
 13162 | Lair:2   | 13162 ||| DROPPING potion of lignification.
 13192 | Lair:3   | 13192 ||| Stepping ~*~*~tactically~*~*~ (stealth).
 13196 | Lair:3   | 13196 ||| INVOKING Heroism.
 13214 | Lair:3   | Reached XP level 12. HP: 71/77 MP: 15/15
 13220 | Lair:3   | 13220 ||| INVOKING Heroism.
 13241 | Lair:3   | Reached *** piety under Okawaru
 13245 | Lair:3   | Reached skill level 13 in Axes
 13300 | Lair:3   | 13300 ||| FLEEEEING.
 13303 | Lair:3   | 13303 ||| STAIRDANCE
 13412 | Lair:3   | 13412 ||| STAIRDANCE
 13480 | Lair:3   | Identified the +1 ring mail of Corats {rC+}
 13580 | Lair:3   | Found a hole to the Spider Nest.
 13633 | Lair:3   | 13633 ||| Stepping ~*~*~tactically~*~*~ (stealth).
 13769 | Lair:3   | 13769 ||| Stepping ~*~*~tactically~*~*~ (stealth).
 13771 | Lair:3   | 13771 ||| INVOKING Heroism.
 14500 | Lair:4   | 14500 ||| Stepping ~*~*~tactically~*~*~ (hiding).
 14627 | Lair:4   | 14627 ||| INVOKING Heroism.
 14699 | Lair:4   | 14699 ||| INVOKING Heroism.
 14764 | Lair:4   | You fall into a shaft and drop 1 floor!
 14764 | Lair:5   | Entered Level 5 of the Lair of Beasts
 14826 | Lair:4   | Noticed a seven-headed hydra
 14827 | Lair:4   | 14827 ||| INVOKING Heroism.
 14830 | Lair:4   | 14830 ||| SWAPPING to +0 morningstar.
 14841 | Lair:4   | Killed a seven-headed hydra
 14841 | Lair:4   | Reached **** piety under Okawaru
 14842 | Lair:4   | 14842 ||| SWAPPING to +1 war axe of draining.
 15247 | Lair:4   | 15247 ||| INVOKING Heroism.
 15267 | Lair:4   | Reached skill level 14 in Axes
 15272 | Lair:4   | 15272 ||| INVOKING Heroism.
 15603 | Lair:5   | Noticed a four-headed hydra
 15604 | Lair:5   | 15604 ||| INVOKING Heroism.
 15607 | Lair:5   | 15607 ||| Stepping ~*~*~tactically~*~*~ (stealth).
 15608 | Lair:5   | 15608 ||| SWAPPING to +0 morningstar.
 15609 | Lair:5   | 15609 ||| SWAPPING to +1 war axe of draining.
 15611 | Lair:5   | 15611 ||| SWAPPING to +0 morningstar.
 15617 | Lair:5   | Killed a four-headed hydra
 15617 | Lair:5   | Received a gift from Okawaru
 15618 | Lair:5   | 15618 ||| SWAPPING to +1 war axe of draining.
 15714 | Lair:5   | 15714 ||| Stepping ~*~*~tactically~*~*~ (stealth).
 15715 | Lair:5   | 15715 ||| Stepping ~*~*~tactically~*~*~ (stealth).
 15718 | Lair:5   | 15718 ||| INVOKING Heroism.
 15726 | Lair:5   | 15726 ||| Stepping ~*~*~tactically~*~*~ (stealth).
 15735 | Lair:5   | Reached skill level 6 in Invocations
 15738 | Lair:5   | Reached XP level 13. HP: 70/82 MP: 17/17
 15908 | Lair:5   | Found a staircase to the Slime Pits.
 16005 | Lair:5   | 16005 ||| INVOKING Heroism.
 16167 | Lair:5   | Reached ***** piety under Okawaru
 16174 | Lair:5   | 16174 ||| INVOKING Heroism.
 16363 | Lair:5   | 16363 ||| Stepping ~*~*~tactically~*~*~ (hiding).
 16365 | Lair:5   | 16365 ||| Stepping ~*~*~tactically~*~*~ (hiding).
 16371 | Lair:5   | 16371 ||| INVOKING Heroism.
 16393 | Lair:5   | 16393 ||| Stepping ~*~*~tactically~*~*~ (stealth).
 16401 | Lair:5   | 16401 ||| Stepping ~*~*~tactically~*~*~ (stealth).
 16402 | Lair:5   | 16402 ||| Stepping ~*~*~tactically~*~*~ (stealth).
 16407 | Lair:5   | 16407 ||| INVOKING Heroism.
 16530 | Lair:5   | 16530 ||| Stepping ~*~*~tactically~*~*~ (stealth).
 16531 | Lair:5   | 16531 ||| Stepping ~*~*~tactically~*~*~ (stealth).
 16547 | Lair:5   | 16547 ||| FLEEEEING.
 16548 | Lair:5   | 16548 ||| FLEEEEING.
 16593 | Lair:5   | 16593 ||| INVOKING Heroism.
 16664 | Lair:5   | 16664 ||| INVOKING Heroism.
 16687 | Lair:5   | 16687 ||| Stepping ~*~*~tactically~*~*~ (hiding).
 16710 | Lair:5   | 16710 ||| INVOKING Heroism.
 16902 | Lair:5   | 16902 ||| FLEEEEING.
 16903 | Lair:5   | 16903 ||| FLEEEEING.
 16904 | Lair:5   | 16904 ||| FLEEEEING.
 16905 | Lair:5   | 16905 ||| FLEEEEING.
 16912 | Lair:5   | 16912 ||| FLEEEEING.
 16913 | Lair:5   | 16913 ||| FLEEEEING.
 16914 | Lair:5   | 16914 ||| FLEEEEING.
 16915 | Lair:5   | 16915 ||| FLEEEEING.
 16919 | Lair:5   | 16919 ||| FLEEEEING.
 16920 | Lair:5   | 16920 ||| FLEEEEING.
 16921 | Lair:5   | 16921 ||| FLEEEEING.
 16922 | Lair:5   | 16922 ||| FLEEEEING.
 16923 | Lair:5   | 16923 ||| FLEEEEING.
 16925 | Lair:5   | 16925 ||| FLEEEEING.
 16965 | Lair:5   | 16965 ||| INVOKING Heroism.
 16966 | Lair:5   | 16966 ||| Stepping ~*~*~tactically~*~*~ (hiding).
 17023 | Lair:5   | 17023 ||| INVOKING Heroism.
 17098 | Lair:5   | 17098 ||| INVOKING Heroism.
 17137 | Lair:5   | 17137 ||| INVOKING Heroism.
 17180 | Lair:5   | 17180 ||| Stepping ~*~*~tactically~*~*~ (stealth).
 17182 | Lair:5   | 17182 ||| INVOKING Heroism.
 17188 | Lair:5   | Reached skill level 9 in Invocations
 17217 | Lair:5   | 17217 ||| Stepping ~*~*~tactically~*~*~ (hiding).
 17219 | Lair:5   | 17219 ||| Stepping ~*~*~tactically~*~*~ (hiding).
 17370 | Lair:5   | 17370 ||| Stepping ~*~*~tactically~*~*~ (stealth).
 17382 | Lair:5   | 17382 ||| INVOKING Heroism.
 17417 | Lair:5   | 17417 ||| INVOKING Heroism.
 17417 | Lair:5   | HP: 7/84 [white ugly thing (28)]
 17418 | Lair:5   | 17418 ||| READING 10 scrolls of teleportation.
 17419 | Lair:5   | 17419 ||| DRINKING 3 potions of heal wounds.
 17426 | Lair:5   | 17426 ||| FLEEEEING.
 17427 | Lair:5   | 17427 ||| FLEEEEING.
 17428 | Lair:5   | 17428 ||| FLEEEEING.
 17429 | Lair:5   | 17429 ||| FLEEEEING.
 17430 | Lair:5   | 17430 ||| FLEEEEING.
 17431 | Lair:5   | 17431 ||| FLEEEEING.
 17434 | Lair:5   | 17434 ||| FLEEEEING.
 17435 | Lair:5   | 17435 ||| STAIRDANCE
 17633 | Lair:4   | 17633 ||| READING 5 scrolls of identify.
 17633 | Lair:4   | 17633 ||| IDENTIFYING fuming emerald potion
 17634 | Lair:4   | 17634 ||| DROPPING potion of invisibility.
 17641 | Lair:5   | Identified the +2 pair of gloves "Poin" {Rampage rCorr
                  | Int+4 Slay-2} (Okawaru gifted it to you on level 5 of the
                  | Lair of Beasts)
 17641 | Lair:5   | Received a gift from Okawaru
 17642 | Lair:5   | 17642 ||| INVOKING Heroism.
 17654 | Lair:5   | 17654 ||| STAIRDANCE
 17960 | Lair:5   | 17960 ||| INVOKING Heroism.
 18077 | Lair:5   | Found a corrupted altar of Lugonu.
 18084 | Lair:5   | 18084 ||| PLANNING D:1-11
 18084 | Lair:5   | 18084 ||| DROPPING +2 pair of gloves "Poin" {Rampage rCorr
                  | Int+4 Slay-2}.
 18330 | D:11     | Found a staircase to the Orcish Mines.
 18387 | D:11     | 18387 ||| INVOKING Heroism.
 18441 | D:11     | You fall into a shaft and drop 1 floor!
 18472 | D:12     | Noticed Shukka's ghost (journeyman MiBe)
 18492 | D:12     | Found Muopewk's General Store.
 18497 | D:12     | 18497 ||| BUYING potion of heal wounds (55 gold).
 18497 | D:12     | Bought a potion of heal wounds for 55 gold pieces
 18497 | D:12     | 18497 ||| BUYING scroll of enchant armour (82 gold).
 18497 | D:12     | Bought a scroll of enchant armour for 82 gold pieces
 18497 | D:12     | 18497 ||| BUYING scroll of enchant weapon (82 gold).
 18497 | D:12     | Bought a scroll of enchant weapon for 82 gold pieces
 18497 | D:12     | 18497 ||| BUYING scroll of teleportation (33 gold).
 18497 | D:12     | Bought a scroll of teleportation for 33 gold pieces
 18498 | D:12     | 18498 ||| INVOKING Heroism.
 18499 | D:12     | Noticed Azrael
 18500 | D:12     | 18500 ||| INVOKING Finesse.
 18501 | D:12     | 18501 ||| Stepping ~*~*~tactically~*~*~ (water).
 18516 | D:12     | Reached skill level 15 in Axes
 18526 | D:12     | HP: 21/84 [Azrael/damnation (39)]
 18527 | D:12     | 18527 ||| READING 10 scrolls of teleportation.
 18528 | D:12     | 18528 ||| DRINKING 5 potions of heal wounds.
 18531 | D:12     | Found a runed translucent gate.
 18531 | D:12     | Found a runed translucent gate.
 18531 | D:12     | Found a runed translucent gate.
 18570 | D:12     | Noticed an ettin
 18710 | D:12     | 18710 ||| READING scroll of enchant armour.
 18710 | D:12     | 18710 ||| ENCHANTING +0 plate armour.
 18711 | D:12     | 18711 ||| READING scroll of enchant weapon.
 18711 | D:12     | 18711 ||| ENCHANTING +1 war axe of draining.
 18841 | D:11     | 18841 ||| Stepping ~*~*~tactically~*~*~ (hiding).
 18842 | D:11     | 18842 ||| INVOKING Heroism.
 19003 | D:11     | Identified the +8 spear of Yzxac {flame, Fly}
 19115 | D:11     | 19115 ||| READING scroll of enchant weapon.
 19115 | D:11     | 19115 ||| ENCHANTING +2 war axe of draining.
 19316 | D:11     | Gained mutation: Your large and strong wings let you fly.
                  | [Gargoyle growth]
 19316 | D:11     | Reached XP level 14. HP: 81/90 MP: 21/21
 19358 | D:11     | 19358 ||| Stepping ~*~*~tactically~*~*~ (stealth).
 19363 | D:11     | 19363 ||| Stepping ~*~*~tactically~*~*~ (stealth).
 19427 | D:11     | Identified the +1 chain mail of Divine Compulsion {rElec
                  | rC+}
 19453 | D:11     | 19453 ||| INVOKING Heroism.
 19843 | D:11     | 19843 ||| PLANNING D
 19843 | D:11     | 19843 ||| DROPPING +1 chain mail of Divine Compulsion
                  | {rElec rC+}.
 20002 | D:12     | 20002 ||| READING scroll of brand weapon.
 20002 | D:12     | 20002 ||| BRANDING +3 war axe of draining.
 20044 | D:12     | 20044 ||| Stepping ~*~*~tactically~*~*~ (hiding).
 20047 | D:12     | 20047 ||| INVOKING Heroism.
 20171 | D:12     | 20171 ||| Stepping ~*~*~tactically~*~*~ (stealth).
 20173 | D:12     | 20173 ||| FLEEEEING.
 20174 | D:12     | 20174 ||| FLEEEEING.
 20175 | D:12     | 20175 ||| FLEEEEING.
 20176 | D:12     | 20176 ||| FLEEEEING.
 20178 | D:12     | 20178 ||| FLEEEEING.
 20179 | D:12     | 20179 ||| FLEEEEING.
 20181 | D:12     | 20181 ||| FLEEEEING.
 20182 | D:12     | 20182 ||| FLEEEEING.
 20183 | D:12     | 20183 ||| FLEEEEING.
 20184 | D:12     | 20184 ||| FLEEEEING.
 20185 | D:12     | 20185 ||| FLEEEEING.
 20186 | D:12     | 20186 ||| FLEEEEING.
 20187 | D:12     | 20187 ||| FLEEEEING.
 20188 | D:12     | 20188 ||| FLEEEEING.
 20189 | D:12     | 20189 ||| FLEEEEING.
 20190 | D:12     | 20190 ||| FLEEEEING.
 20191 | D:12     | 20191 ||| FLEEEEING.
 20194 | D:12     | 20194 ||| FLEEEEING.
 20195 | D:12     | 20195 ||| FLEEEEING.
 20196 | D:12     | 20196 ||| FLEEEEING.
 20199 | D:12     | 20199 ||| FLEEEEING.
 20200 | D:12     | 20200 ||| FLEEEEING.
 20201 | D:12     | 20201 ||| FLEEEEING.
 20202 | D:12     | 20202 ||| STAIRDANCE
 20278 | D:12     | 20278 ||| Stepping ~*~*~tactically~*~*~ (stealth).
 20283 | D:12     | 20283 ||| Stepping ~*~*~tactically~*~*~ (stealth).
 20297 | D:12     | 20297 ||| INVOKING Heroism.
 20382 | D:12     | 20382 ||| Stepping ~*~*~tactically~*~*~ (stealth).
 20397 | D:12     | 20397 ||| Stepping ~*~*~tactically~*~*~ (stealth).
 20431 | D:12     | 20431 ||| Stepping ~*~*~tactically~*~*~ (stealth).
 20673 | D:12     | 20673 ||| INVOKING Heroism.
 20681 | D:12     | Reached skill level 12 in Fighting
 20941 | D:12     | 20941 ||| Stepping ~*~*~tactically~*~*~ (hiding).
 21024 | D:12     | 21024 ||| INVOKING Heroism.
 21040 | D:12     | HP: 9/92 [Azrael/damnation (36)]
 21041 | D:12     | 21041 ||| READING 9 scrolls of teleportation.
 21042 | D:12     | 21042 ||| DRINKING 4 potions of heal wounds.
 21043 | D:12     | Killed Azrael
 21313 | D:12     | 21313 ||| READING 8 scrolls of teleportation.
 21370 | D:13     | 21370 ||| INVOKING Heroism.
 21576 | D:13     | 21576 ||| Stepping ~*~*~tactically~*~*~ (stealth).
 21577 | D:13     | 21577 ||| Stepping ~*~*~tactically~*~*~ (stealth).
 21631 | D:13     | 21631 ||| Stepping ~*~*~tactically~*~*~ (hiding).
 21744 | D:13     | 21744 ||| DROPPING +0 morningstar.
 21746 | D:13     | 21746 ||| Stepping ~*~*~tactically~*~*~ (stealth).
 21877 | D:13     | Found a runed translucent door.
 21881 | D:13     | Noticed qw's ghost (journeyman TrCA)
 21938 | D:13     | 21938 ||| INVOKING Heroism.
 22381 | D:13     | 22381 ||| Stepping ~*~*~tactically~*~*~ (hiding).
 22383 | D:13     | 22383 ||| INVOKING Heroism.
 22456 | D:13     | 22456 ||| INVOKING Heroism.
 22459 | D:13     | 22459 ||| SWAPPING to +0 eveningstar.
 22466 | D:13     | 22466 ||| SWAPPING to +3 war axe of venom.
 22491 | D:13     | 22491 ||| Stepping ~*~*~tactically~*~*~ (hiding).
 22506 | D:13     | Received a gift from Okawaru
 22544 | D:13     | 22544 ||| Stepping ~*~*~tactically~*~*~ (stealth).
 22586 | D:13     | 22586 ||| Stepping ~*~*~tactically~*~*~ (stealth).
 22589 | D:13     | Found a gate to the Vaults.
 22599 | D:13     | 22599 ||| INVOKING Heroism.
 22835 | D:13     | 22835 ||| UPGRADING to +1 plate armour of fire resistance.
 22845 | D:13     | 22845 ||| DROPPING +1 plate armour.
 23028 | D:14     | 23028 ||| INVOKING Heroism.
 23029 | D:14     | 23029 ||| SWAPPING to +0 eveningstar.
 23038 | D:14     | Reached skill level 16 in Axes
 23038 | D:14     | 23038 ||| SWAPPING to +3 war axe of venom.
 23256 | D:14     | 23256 ||| INVOKING Heroism.
 23259 | D:14     | 23259 ||| INVOKING Finesse.
 23442 | D:14     | 23442 ||| FLEEEEING.
 23443 | D:14     | 23443 ||| FLEEEEING.
 23444 | D:14     | 23444 ||| FLEEEEING.
 23445 | D:14     | 23445 ||| FLEEEEING.
 23446 | D:14     | 23446 ||| FLEEEEING.
 23447 | D:14     | 23447 ||| FLEEEEING.
 23448 | D:14     | 23448 ||| FLEEEEING.
 23449 | D:14     | 23449 ||| FLEEEEING.
 23452 | D:14     | 23452 ||| FLEEEEING.
 23454 | D:14     | 23454 ||| FLEEEEING.
 23455 | D:14     | 23455 ||| FLEEEEING.
 23456 | D:14     | 23456 ||| FLEEEEING.
 23471 | D:14     | 23471 ||| FLEEEEING.
 23488 | D:14     | 23488 ||| FLEEEEING.
 23489 | D:14     | 23489 ||| FLEEEEING.
 23495 | D:14     | 23495 ||| FLEEEEING.
 23496 | D:14     | 23496 ||| FLEEEEING.
 23514 | D:14     | 23514 ||| FLEEEEING.
 23515 | D:14     | 23515 ||| FLEEEEING.
 23516 | D:14     | 23516 ||| FLEEEEING.
 23518 | D:14     | 23518 ||| FLEEEEING.
 23519 | D:14     | 23519 ||| FLEEEEING.
 23520 | D:14     | 23520 ||| FLEEEEING.
 23521 | D:14     | 23521 ||| FLEEEEING.
 23522 | D:14     | 23522 ||| FLEEEEING.
 23524 | D:14     | 23524 ||| FLEEEEING.
 23525 | D:14     | 23525 ||| FLEEEEING.
 23526 | D:14     | 23526 ||| FLEEEEING.
 23617 | D:14     | 23617 ||| Stepping ~*~*~tactically~*~*~ (stealth).
 24167 | D:14     | 24167 ||| UPGRADING to ring of see invisible.
 24201 | D:15     | Entered Level 15 of the Dungeon
 24277 | D:15     | 24277 ||| Stepping ~*~*~tactically~*~*~ (hiding).
 24279 | D:15     | 24279 ||| Stepping ~*~*~tactically~*~*~ (hiding).
 24289 | D:15     | 24289 ||| INVOKING Heroism.
 24495 | D:15     | 24495 ||| INVOKING Heroism.
 24525 | D:15     | 24525 ||| Stepping ~*~*~tactically~*~*~ (stealth).
 24540 | D:15     | 24540 ||| Stepping ~*~*~tactically~*~*~ (stealth).
 24542 | D:15     | 24542 ||| Stepping ~*~*~tactically~*~*~ (stealth).
 24544 | D:15     | 24544 ||| Stepping ~*~*~tactically~*~*~ (stealth).
 24557 | D:15     | 24557 ||| Stepping ~*~*~tactically~*~*~ (hiding).
 24558 | D:15     | 24558 ||| Stepping ~*~*~tactically~*~*~ (hiding).
 24579 | D:15     | 24579 ||| INVOKING Heroism.
 24605 | D:15     | Received a gift from Okawaru
 24607 | D:15     | 24607 ||| Stepping ~*~*~tactically~*~*~ (stealth).
 24679 | D:15     | 24679 ||| Stepping ~*~*~tactically~*~*~ (stealth).
 24747 | D:15     | 24747 ||| INVOKING Heroism.
 24748 | D:15     | 24748 ||| INVOKING Finesse.
 24749 | D:15     | 24749 ||| SWAPPING to +0 eveningstar.
 24755 | D:15     | Reached skill level 12 in Armour
 24755 | D:15     | 24755 ||| SWAPPING to +3 war axe of venom.
 24827 | D:15     | Found a shimmering altar of Xom.
 24830 | D:15     | Found a shimmering altar of Xom.
 24830 | D:15     | Found a shimmering altar of Xom.
 24832 | D:15     | Found a shimmering altar of Xom.
 24841 | D:15     | 24841 ||| Stepping ~*~*~tactically~*~*~ (hiding).
 24842 | D:15     | 24842 ||| Stepping ~*~*~tactically~*~*~ (hiding).
 24843 | D:15     | 24843 ||| Stepping ~*~*~tactically~*~*~ (hiding).
 24844 | D:15     | 24844 ||| Stepping ~*~*~tactically~*~*~ (hiding).
 24845 | D:15     | 24845 ||| Stepping ~*~*~tactically~*~*~ (hiding).
 25093 | D:15     | 25093 ||| Stepping ~*~*~tactically~*~*~ (hiding).
 25168 | D:15     | Found a staircase to the Depths.
 25182 | D:15     | 25182 ||| INVOKING Heroism.
 25426 | D:15     | 25426 ||| Stepping ~*~*~tactically~*~*~ (hiding).
 25428 | D:15     | 25428 ||| INVOKING Heroism.
 25436 | D:15     | Reached XP level 15. HP: 58/97 MP: 20/22
 25759 | D:15     | 25759 ||| INVOKING Heroism.
 25760 | D:15     | 25760 ||| SWAPPING to +0 eveningstar.
 25761 | D:15     | 25761 ||| INVOKING Finesse.
 25768 | D:15     | 25768 ||| SWAPPING to +3 war axe of venom.
 25897 | D:15     | 25897 ||| Stepping ~*~*~tactically~*~*~ (hiding).
 25899 | D:15     | 25899 ||| Stepping ~*~*~tactically~*~*~ (hiding).
 25901 | D:15     | 25901 ||| Stepping ~*~*~tactically~*~*~ (hiding).
 25905 | D:15     | 25905 ||| INVOKING Heroism.
 25913 | D:15     | Reached skill level 3 in Dodging
 26216 | D:15     | 26216 ||| PLANNING ORC
 26216 | D:15     | 26216 ||| UPGRADING to +2 cloak.
 26371 | Orc:1    | Entered Level 1 of the Orcish Mines
 26371 | Orc:1    | Found a burning altar of Makhleb.
 26380 | Orc:1    | 26380 ||| INVOKING Heroism.
 26457 | Orc:1    | 26457 ||| INVOKING Heroism.
 26745 | Orc:2    | Entered Level 2 of the Orcish Mines
 26819 | Orc:2    | 26819 ||| INVOKING Heroism.
 26824 | Orc:2    | 26824 ||| Stepping ~*~*~tactically~*~*~ (stealth).
 26825 | Orc:2    | 26825 ||| Stepping ~*~*~tactically~*~*~ (hiding).
 26854 | Orc:2    | 26854 ||| Stepping ~*~*~tactically~*~*~ (stealth).
 26961 | Orc:2    | 26961 ||| Stepping ~*~*~tactically~*~*~ (stealth).
 26962 | Orc:2    | 26962 ||| Stepping ~*~*~tactically~*~*~ (stealth).
 26984 | Orc:2    | Found a staircase to the Elven Halls.
 27001 | Orc:2    | 27001 ||| INVOKING Heroism.
 27019 | Orc:2    | Noticed Saint Roka
 27020 | Orc:2    | 27020 ||| INVOKING Finesse.
 27036 | Orc:2    | Mangled by Saint Roka

Levels and vault maps discovered:
D:1:      minmay_arrival_nine_rooms, layout_basic, serial_shops, shop_coins,
          nicolae_shop_advertising_works [nicolae_subvault_shop_adworks],
          nicolae_shop_bloodbath_and_beyond, nicolae_square_shop
D:2:      layout_loops_ring, shapermc_ecumenical_altar_mp_highgroup,
          serial_aquarium, aquarium_bridge_long_joined
          [aquarium_subvault_bridge, aquarium_subvault_wall,
          aquarium_subvault_wall, aquarium_subvault_bridge,
          aquarium_subvault_bridge, aquarium_subvault_wall], aquarium_window_3,
          aquarium_window_fake, aquarium_window_1, aquarium_window_fake,
          aquarium_view_2f, uniq_terence
D:3:      layout_basic, nicolae_kikubaaqudgha_miasma_corner,
          gammafunk_ghost_gnarly_gnolls, st_stairs_10, uniq_jessica
D:4:      layout_loops_ring, mainiacjoe_overflow_six_doors_small,
          chequers_serial_rivers_micro_d, chequers_hall_statues_y,
          hangedman_decor_opposing
D:5:      layout_layer_cave, mainiacjoe_overflow_cross_hatched,
          ebering_ghost_disaster_area, nicolae_shop_fire_sale
          [nicolae_sub_dead_trees]
D:6:      layout_gridville, nicolae_sif_muna_condensation, lemuel_doored_altar,
          minmay_temple_entry_nine_rooms
D:7:      layout_loops_ring, trog_butcher_becter,
          nicolae_qazlal_scattered_showers, uniq_pikel, uniq_duvessa
D:8:      layout_layer_cave, nicolae_uskayaw_murder_on_the_dancefloor,
          nicolae_gozag_conspicuous_consumption, serial_shops,
          kennysheep_mini_moat, uniq_gastronok
D:9:      layout_basic, cheibrodos_ashenzari_chains,
          mainiacjoe_overflow_24_doors
D:10:     layout_long_grid, mainiacjoe_overflow_chevrons,
          gammafunk_temple_overflow_forgotten, erik_lair_dragon,
          gammafunk_ghost_abyssal_escape, enter_trove_2
D:11:     nicolae_cairo_tiling, layout_basic, orc_0_dummy,
          hangedman_decor_slide_cut
D:12:     layout_basic, gammafunk_ghost_split, serial_shops, shop, uniq_azrael
D:13:     layout_irregular_city, david_vaults_5, ebering_ghost_reflecting_pool,
          minmay_holes, roderic_st_hans_cross, kennysheep_windowed_goal
D:14:     layout_loops_corners, chequers_serial_rivers_large_b
D:15:     gammafunk_depths_entry_grave, layout_stronghold, minmay_misc_feat_x,
          xom_shifter_show
Temple:   nicolae_temple_little_seven
Lair:1:   layout_cave_pods, grunt_megastairs_2
Lair:2:   layout_cave_pods, minmay_swamp_entry_worms,
          gammafunk_ghost_berserking_beasts, cheibrodos_lair_lostbears
Lair:3:   layout_regular_city, spider_nest_entry_web_field,
          grunt_forest_small_clearings
Lair:4:   layout_layer_cave
Lair:5:   hellmonk_lair_end_abyssal_woods, layout_long_grid,
          minmay_slime_entry_pillars
Orc:1:    layout_caves, basic_altar, uniq_snorg
Orc:2:    grunt_orc_cross, layout_diamond_mine, uniq_maurice, uniq_nessos,
          uniq_sonja, uniq_josephine

Skill      XL: |  1  2  3  4  5  6  7  8  9 10 11 12 13 14 15 |
---------------+----------------------------------------------+-----
Axes           | 2 3 4 5 6 7 8 10 11 12 14 15 16 | 16.0
Fighting       | 4 5 6 7 9 10 11 12 13 | 13.0
Armour         | 4 5 6 8 9 10 12 | 12.7
Dodging        | 1 2 3 |  3.0
Throwing       | 1 3 |  3.0
Shields        | 4 5 6 7 8 |  8.0
Invocations    | 4 6 10 | 10.0

Action                   |  1- 3 |  4- 6 |  7- 9 | 10-12 | 13-15 || total
-------------------------+-------+-------+-------+-------+-------++-------
Melee: War axe           |    80 |   146 |   246 |   516 |  1007 ||  1995
       Morningstar       |       |       |       |    16 |       ||    16
       Eveningstar       |       |       |       |       |    22 ||    22
Throw: Boomerang         |       |       |    26 |       |    21 ||    47
       Javelin           |       |       |       |    46 |       ||    46
Invok: Heroism           |       |       |       |    18 |    43 ||    61
       Finesse           |       |       |       |       |     5 ||     5
  Use: Scroll            |     6 |     7 |     8 |     9 |     9 ||    39
       Potion            |     1 |     3 |     4 |     1 |     3 ||    12
Armor: Scale mail        |    30 |    27 |       |       |       ||    57
       Chain mail        |       |    54 |       |       |       ||    54
       Plate armour      |       |     4 |   165 |   249 |   565 ||   983
Dodge: Dodged            |    38 |    64 |    83 |   226 |   490 ||   901
Block: Buckler           |    24 |    33 |    39 |   100 |   255 ||   451

Table legend:
 A = Non-vault XP
 B = Vault XP
 C = Vault XP percentage of total XP
 D = Non-vault monster count
 E = Vault monster count
 F = Vault count percentage of total count
                 A         B        C        D         E       F
            +---------+---------+-------+---------+---------+-------
      Total |   60780 |   33321 |  35.4 |     340 |     117 |  25.6
            +---------+---------+-------+---------+---------+-------
        D:1 |      17 |       0 |   0.0 |      10 |       0 |   0.0
        D:2 |      33 |      38 |  53.5 |      11 |       1 |   8.3
        D:3 |      51 |      45 |  46.9 |      13 |       4 |  23.5
        D:4 |     399 |       0 |   0.0 |      19 |       0 |   0.0
        D:5 |     572 |       0 |   0.0 |      26 |       0 |   0.0
        D:6 |     860 |       0 |   0.0 |      18 |       0 |   0.0
        D:7 |    1594 |    1133 |  41.5 |      11 |       7 |  38.9
        D:8 |     545 |    1476 |  73.0 |      11 |       1 |   8.3
        D:9 |    2534 |       0 |   0.0 |      16 |       0 |   0.0
       D:10 |    2182 |    1521 |  41.1 |      18 |       6 |  25.0
       D:11 |    3535 |       0 |   0.0 |      16 |       0 |   0.0
       D:12 |    5505 |    2163 |  28.2 |      19 |       8 |  29.6
       D:13 |    7459 |    3231 |  30.2 |      25 |       5 |  16.7
       D:14 |    4523 |       0 |   0.0 |       9 |       0 |   0.0
       D:15 |    7790 |    4964 |  38.9 |      21 |       8 |  27.6
     Lair:1 |    1644 |    1609 |  49.5 |       7 |       7 |  50.0
     Lair:2 |     759 |     843 |  52.6 |       5 |       3 |  37.5
     Lair:3 |    7229 |       0 |   0.0 |      29 |       0 |   0.0
     Lair:4 |    5002 |       0 |   0.0 |      17 |       0 |   0.0
     Lair:5 |    7779 |   12532 |  61.7 |      21 |      46 |  68.7
      Orc:1 |     646 |       0 |   0.0 |      17 |       0 |   0.0
      Orc:2 |     122 |    3766 |  96.9 |       1 |      21 |  95.5
            +---------+---------+-------+---------+---------+-------
